 Dungeon Crawl Stone Soup version 0.28.0-43-g3370ac3207 (webtiles) character file.

Game seed: 4221007456855132355

7610 infinitevox the Cleaver (level 10, -4/76 HPs)
             Began as a Demonspawn Hedge Wizard on Mar 9, 2022.
             Was a Priest of Makhleb.
             Slain by a gargoyle
             ... wielding a +0 flail
              (22 damage)
             ... on level 10 of the Dungeon.
             The game lasted 01:02:19 (10972 turns).

infinitevox the Cleaver (Demonspawn Hedge Wizard)  Turns: 10972, Time: 01:02:20

Health: -4/76      AC:  8    Str: 11    XL:     10   Next: 98%
Magic:  9/14       EV: 14    Int: 22    God:    Makhleb [***...]
Gold:   461        SH:  0    Dex: 15    Spells: 2/15 levels left

rFire   . . .      SeeInvis +   j - +2 battleaxe of the Mind {drain, rC- rN+ Int+5 SInv}
rCold   x . .      Faith    .   (shield currently unavailable)
rNeg    + . .      Spirit   .   t - +1 steam dragon scales
rPois   +          Reflect  .   c - +0 hat
rElec   .          Harm     .   d - scarf {shadows}
rCorr   .          Rampage  .   n - +0 pair of gloves
Will    .....                   h - +0 pair of boots
Stlth   ++........              r - amulet of regeneration
HPRegen 1.02/turn               x - ring of poison resistance
MPRegen 0.14/turn               (no ring)

@: no status effects
A: demonic guardian 1, foul stench 1, demonic touch 1
a: Renounce Religion, Minor Destruction, Lesser Servant of Makhleb


You were on level 10 of the Dungeon.
You worshipped Makhleb.
Makhleb was most pleased with you.
You visited 2 branches of the dungeon, and saw 11 of its levels.
You also visited: Sewer.

You collected 461 gold pieces.

Inventory:

Hand Weapons
 j - the +2 battleaxe of the Mind (weapon) {drain, rC- rN+ Int+5 SInv}
   (You found it on level 8 of the Dungeon)

   A truly terrible weapon, it drains the life of any living foe it strikes.
   Int:       It affects your intelligence (+5).
   rC:        It makes you vulnerable to cold.
   rN:        It protects you from negative energy.
   SInv:      It lets you see invisible.
 m - a +4 whip of draining
Armour
 c - a +0 hat (worn)
 d - a scarf of shadows (worn)
 h - a +0 pair of boots (worn)
 n - a +0 pair of gloves (worn)
 t - +1 steam dragon scales (worn)
 B - a +2 robe of fire resistance
Jewellery
 r - an amulet of regeneration (around neck)
 x - a ring of poison resistance (left hand)
Wands
 y - a wand of flame (14)
 z - a wand of charming (6)
Scrolls
 a - a scroll of immolation
 b - a scroll of holy word {unknown}
 e - a scroll of teleportation {unknown}
 f - a scroll of fog {unknown}
 i - 3 scrolls of enchant armour {unknown}
 k - 2 scrolls of summoning
 q - a scroll of vulnerability {unknown}
 s - a scroll of silence
 v - a scroll of brand weapon
 A - a scroll of blinking
 D - 2 scrolls of identify
Potions
 g - 2 potions of curing
 l - a potion of ambrosia
 o - 3 potions of flight
 u - 3 potions of lignification
 w - 4 potions of brilliance
 C - 2 potions of might {unknown}
 E - a potion of berserk rage {unknown}


   Skills:
 - Level 6.0 Fighting
 - Level 0.1 Long Blades
 + Level 8.0 Axes
 - Level 0.2 Staves
 - Level 0.1 Slings
 - Level 0.3 Bows
 - Level 0.1 Crossbows
 - Level 5.0 Dodging
 - Level 3.0 Stealth
 - Level 4.0 Shields
 - Level 3.0 Spellcasting
 - Level 1.0 Conjurations
 - Level 1.2 Hexes
 + Level 1.0 Summonings
 - Level 5.0 Necromancy
 - Level 2.0 Translocations
 - Level 0.1 Transmutations
 - Level 5.0 Fire Magic
 - Level 0.1 Ice Magic
 - Level 0.1 Air Magic
 - Level 0.1 Earth Magic
 - Level 0.1 Poison Magic
 - Level 5.0 Invocations
 - Level 6.0 Evocations


You had 2 spell levels left.
You knew the following spells:

 Your Spells              Type           Power      Damage    Failure   Level
a - Magic Dart            Conj           28%        1d4       9%          1
b - Blink                 Tloc           24%        N/A       9%          2
c - Conjure Flame         Conj/Fire      16%        6-21      11%         3
d - Vampiric Draining     Necr           25%        2d7       4%          3
e - Summon Ice Beast      Ice/Summ       5%         N/A       69%         4

Your spell library contained the following spells:

 Spells                   Type           Power      Damage    Failure   Level
 Animate Skeleton         Necr           50%        N/A       1%          1
 Pain                     Necr           100%       1d9       1%          1
 Sublimation of Blood     Necr           25%        N/A       2%          2
 Slow                     Hex            32%        N/A       8%          1
 Call Imp                 Summ           7%         N/A       12%         2
 Wereblood                Tmut           3%         N/A       19%         2
 Gell's Gravitas          Tloc           12%        N/A       16%         3
 Teleport Other           Tloc           12%        N/A       16%         3
 Mephitic Cloud           Conj/Pois/Air  5%         N/A       30%         3
 Frozen Ramparts          Ice            6%         1d2       34%         3
 Agony                    Necr           25%        N/A       41%         5
 Excruciating Wounds      Necr           12%        N/A       41%         5
 Leda's Liquefaction      Hex/Erth       3%         N/A       67%         4
 Ice Form                 Ice/Tmut       3%         N/A       75%         4
 Petrify                  Tmut/Erth      3%         N/A       75%         4
 Metabolic Englaciation   Hex/Ice        3%         N/A       95%         5
 Lee's Rapid Deconstruct  Erth           1%         3d5*      97%         5
 Dispersal                Tloc           6%         N/A       100%        6
 Statue Form              Tmut/Erth      2%         N/A       100%        6
 Summon Hydra             Summ           3%         N/A       100%        7


Dungeon Overview and Level Annotations

Branches:
Dungeon (10/15)            Temple (1/1) D:7            Lair (0/6) D:10
  Sewer (visited)
    Orc: D:9-12

Altars:
Dithmenos
Makhleb
Okawaru
Ru
Vehumet
Xom
Zin


Innate Abilities, Weirdness & Mutations

A weak demonic guardian rushes to your aid.
You may rarely emit foul miasma when damaged in melee.
Your touch may inflict minor irresistible damage on your foes.


Message History

Your ufetubus dies!
Your ufetubus disappears in a puff of smoke!
You feel much better.
You see here a scroll of silence.
The gargoyle hits you with a +0 flail.
You see here a scroll of silence.
Casting: Conjure Flame (dangerous; 11% risk of failure)
Confirm with . or Enter, or press ? or * to list all spells.
The fire begins to smoulder!
The gargoyle hurls a stone arrow at you.
The stone arrow hits you.
The gargoyle smothers the flame.
You hit the gargoyle.
The gargoyle is heavily damaged.
The gargoyle hits you with a +0 flail!
You hit the gargoyle.
The gargoyle is heavily damaged.
The gargoyle barely misses you.
You hit the gargoyle but do no damage.
The gargoyle is heavily damaged.
The gargoyle hits you with a +0 flail!!
* * * LOW HITPOINT WARNING * * *
The gargoyle hurls a stone arrow at you.
The stone arrow hits you!
* * * LOW HITPOINT WARNING * * *
A demonic guardian appears!
You feel much better.
The gargoyle hurls a stone arrow at you.
The stone arrow misses you.
Casting: Conjure Flame (dangerous; 11% risk of failure)
Confirm with . or Enter, or press ? or * to list all spells.
Okay, then.
Aiming: Minor Destruction (1% risk of failure)
Press: ? - help, Shift-Dir - straight line, f/p - gargoyle
Aim: a gargoyle, wielding a +0 flail (heavily damaged, ally target)
The stone arrow misses the gargoyle.
The gargoyle hits you with a +0 flail!
* * * LOW HITPOINT WARNING * * *
A demonic guardian appears!
You feel better. The gargoyle hits you with a +0 flail!!
You die...

.######......#
#.....≈≈≈≈≈.#
#.≈≈≈≈....≈.# #
#.≈...###.≈.# .#
#.≈.##._#.≈.#..#
#.≈.#...#.≈.#..#
≈.#.≈...≈5#.≈.#
≈.#.≈_.≈≈.#.≈.#
#.≈≈5@..#.≈.#
#...9####.≈.#
#####.....≈5#
......≈≈≈≈≈≈.#
≈≈≈≈≈≈..5....#
......########
######


You could see a gargoyle (ally target) and 2 friendly white imps.

Vanquished Creatures
  2 two-headed ogres
  Joseph (D:7)
  Maggie (D:8)
  Psyche (D:8)
  A hornet (D:9)
  5 yaks
  A wyvern (D:8)
  2 steam dragons
  An acid dragon (D:8)
  2 water moccasins
  A sky beast (D:6)
  A black bear (D:8)
  An orc warrior (D:9)
  3 ice beasts
  2 necrophages (D:4)
  2 ogres (D:5)
  2 centaurs
  A phantom (D:4)
  3 kobold brigands
  3 scorpions
  A water moccasin zombie (D:5)
  3 bullfrogs
  A wyvern skeleton (D:7)
  4 wights
  6 killer bees (D:9)
  A howler monkey (D:5)
  A crimson imp (D:6)
  3 centaur zombies
  A bullfrog zombie (D:6)
  5 hounds
  A jelly (D:4)
  4 orc priests
  2 bullfrog skeletons
  Terence (D:3)
  7 orc wizards
  2 iguanas (D:6)
  2 killer bee zombies (D:5)
  A howler monkey zombie (D:8)
  3 adders
  3 river rats (Sewer)
  2 shadow imps (D:7)
  3 ufetubi
  2 worms
  6 dart slugs
  21 orcs
  8 endoplasms
  5 giant cockroaches
  7 goblins
  3 hobgoblins
  4 jackals
  18 kobolds
  5 quokkas
  12 ball pythons
  6 bats
  2 frilled lizards
  A jackal skeleton (D:4)
  4 rats
197 creatures vanquished.

Vanquished Creatures (collateral kills)
  A komodo dragon (shapeshifter) (D:9)
  An acid dragon (D:9)
  A black bear (D:10)
  A necrophage (D:4)
  An iguana (D:4)
  An orc wizard (D:3)
  An adder (D:5)
  A river rat (Sewer)
  2 worms (D:3)
  2 orcs
  A goblin (D:4)
  A rat (Sewer)
14 creatures vanquished.

Grand Total: 211 creatures vanquished

Notes
Turn   | Place    | Note
-------+----------+-------------------------------------------
     0 | D:1      | infinitevox the Demonspawn Hedge Wizard began the quest for
                  | the Orb.
     0 | D:1      | Reached XP level 1. HP: 13/13 MP: 4/4
   415 | D:1      | Gained mutation: A weak demonic guardian rushes to your
                  | aid. [demonic ancestry]
   415 | D:1      | Reached XP level 2. HP: 19/19 MP: 4/6
   720 | D:1      | You fall into a shaft and drop 1 floor!
  1041 | D:1      | Gained mutation: Your touch may inflict minor irresistible
                  | damage on your foes. [demonic ancestry]
  1041 | D:1      | Reached XP level 3. HP: 19/24 MP: 5/7
  1589 | D:2      | Found a burning altar of Makhleb.
  1604 | D:2      | Became a worshipper of Makhleb the Destroyer
  2419 | D:3      | Reached skill level 1 in Translocations
  2419 | D:3      | Gained mutation: You may rarely emit foul miasma when
                  | damaged in melee. [demonic ancestry]
  2419 | D:3      | Reached XP level 4. HP: 29/30 MP: 4/8
  2448 | D:3      | Found an iron altar of Okawaru.
  2657 | D:3      | Reached skill level 1 in Invocations
  2850 | D:3      | Found a glowing drain.
  2852 | D:3      | Noticed Terence
  2871 | Sewer    | Entered a sewer
  2888 | Sewer    | Reached * piety under Makhleb
  2895 | Sewer    | Reached XP level 5. HP: 15/35 MP: 7/9
  3312 | Sewer    | Reached XP level 6. HP: 6/41 MP: 10/10
  3682 | D:3      | Killed Terence
  4517 | D:4      | Noticed a wyvern
  4517 | D:4      | Noticed an orc warrior
  4541 | D:4      | Reached skill level 5 in Dodging
  4665 | D:4      | Reached skill level 1 in Shields
  4711 | D:4      | Reached skill level 5 in Invocations
  4872 | D:4      | Reached skill level 1 in Fighting
  4872 | D:4      | Reached XP level 7. HP: 34/48 MP: 11/11
  5154 | D:4      | Reached ** piety under Makhleb
  5439 | D:5      | Entered Level 5 of the Dungeon
  5475 | D:5      | Reached XP level 8. HP: 48/59 MP: 7/12
  5541 | D:5      | Learned a level 2 spell: Blink
  5898 | D:5      | Reached skill level 5 in Fighting
  6249 | D:6      | Learned a level 3 spell: Conjure Flame
  6342 | D:6      | Reached skill level 1 in Fire Magic
  6500 | D:6      | Reached skill level 1 in Hexes
  6564 | D:6      | Reached XP level 9. HP: 69/69 MP: 1/13
  6721 | D:6      | Reached *** piety under Makhleb
  6773 | D:6      | Found a radiant altar of Vehumet.
  6774 | D:6      | Found a burning altar of Makhleb.
  7003 | D:7      | Learned a level 3 spell: Vampiric Draining
  7116 | D:7      | Reached skill level 1 in Evocations
  7213 | D:7      | Noticed Joseph
  7224 | D:7      | Reached skill level 5 in Fire Magic
  7324 | D:7      | Killed Joseph
  7417 | D:7      | Found a staircase to the Ecumenical Temple.
  7923 | D:7      | Reached skill level 5 in Evocations
  8208 | Temple   | Entered the Ecumenical Temple
  8308 | D:8      | Identified the +2 battleaxe of the Mind {drain, rC- rN+
                  | Int+5 SInv}
  8311 | D:8      | Noticed a two-headed ogre
  8319 | D:8      | Killed a two-headed ogre
  8477 | D:8      | Reached skill level 1 in Axes
  8477 | D:8      | Reached XP level 10. HP: 65/76 MP: 14/14
  8798 | D:8      | Noticed Psyche
  8832 | D:8      | Killed Psyche
  8833 | D:8      | Reached skill level 2 in Axes
  8887 | D:8      | Reached skill level 3 in Axes
  8890 | D:8      | Reached skill level 5 in Necromancy
  8962 | D:8      | Reached skill level 4 in Axes
  9118 | D:8      | Noticed Maggie
  9133 | D:8      | Killed Maggie
  9389 | D:8      | Reached skill level 5 in Axes
  9415 | D:8      | Learned a level 4 spell: Summon Ice Beast
  9464 | D:9      | Found a sacrificial altar of Ru.
  9871 | D:9      | Noticed a two-headed ogre
  9879 | D:9      | Killed a two-headed ogre
  9880 | D:9      | Reached skill level 6 in Axes
 10182 | D:9      | Noticed a manticore
 10187 | D:9      | a manticore changed into a komodo dragon
 10191 | D:9      | Reached skill level 7 in Axes
 10694 | D:10     | Entered Level 10 of the Dungeon
 10711 | D:10     | Found a staircase to the Lair.
 10731 | D:10     | Reached skill level 8 in Axes
 10933 | D:10     | Found a shimmering altar of Xom.
 10942 | D:10     | Found a shadowy altar of Dithmenos.
 10942 | D:10     | Noticed a gargoyle
 10972 | D:10     | Slain by a gargoyle

Illustrated notes

Levels and vault maps discovered:
D:1:      tarquinn_simple_flora_water_e, layout_rooms
D:2:      layout_basic, basic_altar
D:3:      layout_rooms, okawaru_ov_weapons_minmay, cheibrodos_sewer_entry_bend,
          uniq_terence
D:4:      minmay_octagon_keep, layout_layer_cave, st_stairs_1,
          lightli_corner_chamber
D:5:      layout_rooms
D:6:      layout_rooms, grunt_temple_overflow_lords_of_destruction,
          feat_on_display
D:7:      layout_loops_corners, minmay_temple_entry_butterflies,
          dk_noncrumbling_3, uniq_joseph
D:8:      layout_basic, uniq_psyche, uniq_maggie
D:9:      layout_gridville, lemuel_crystal_altar,
          mainiacjoe_overflow_tiny_flanked, serial_co_window_serial,
          co_window_paths_a, co_window_of_opportunity_a,
          co_window_of_opportunity_a, co_window_paths_a, co_window_corner_a,
          co_window_corner_b, co_window_corner_cb, co_window_of_opportunity_c,
          co_window_corner_b, co_window_corner_b, co_window_of_opportunity_b,
          co_window_corner_b
D:10:     layout_rooms, kennysheep_mini, nicolae_overflow_squiral,
          david_lair_generic
Temple:   minmay_temple_curvy_branch

Skill      XL: |  1  2  3  4  5  6  7  8  9 10 |
---------------+-------------------------------+-----
Dodging        | 2 3 4 5 |  5.0
Stealth        | 2 3 |  3.0
Translocations | 1 2 |  2.0
Invocations    | 2 3 5 |  5.0
Shields        | 2 4 |  4.0
Fighting       | 1 3 6 |  6.0
Fire Magic     | 3 5 |  5.0
Hexes          | 1 |  1.2
Evocations     | 6 |  6.0
Necromancy     | 4 5 |  5.0
Axes           | 1 8 |  8.0
Long Blades    | |  0.1
Staves         | |  0.2
Slings         | |  0.1
Bows           | |  0.3
Crossbows      | |  0.1
Spellcasting   | |  3.0
Conjurations   | |  1.0
Summonings     | |  1.0
Transmutations | |  0.1
Ice Magic      | |  0.1
Air Magic      | |  0.1
Earth Magic    | |  0.1
Poison Magic   | |  0.1

Action                   |  1- 3 |  4- 6 |  7- 9 | 10-12 || total
-------------------------+-------+-------+-------+-------++-------
Melee: Dagger            |    67 |    92 |       |       ||   159
       Touch             |     8 |     6 |       |       ||    14
       Whip              |       |    41 |   347 |    11 ||   399
       Battleaxe         |       |       |       |   158 ||   158
 Cast: Magic Dart        |    49 |    51 |    29 |    23 ||   152
       Conjure Flame     |       |       |     5 |    11 ||    16
       Vampiric Draining |       |       |       |     2 ||     2
Invok: Minor Destruction |       |       |       |     1 ||     1
       Lesser Servant of |       |       |       |     1 ||     1
Evoke: Wand              |       |       |    21 |     4 ||    25
  Use: Scroll            |     3 |     3 |     4 |     3 ||    13
       Potion            |       |     6 |     2 |     3 ||    11
 Stab: Sleeping          |     1 |     3 |     3 |     5 ||    12
       Distracted        |       |     2 |     1 |       ||     3
Armor: Robe              |     6 |    15 |    79 |    23 ||   123
       Steam dragon scal |       |       |       |    44 ||    44
Dodge: Dodged            |    32 |    88 |   253 |   159 ||   532
Block: Buckler           |       |    16 |    90 |     1 ||   107
